 Dungeon Crawl Stone Soup version 0.28-a0-1382-g92835e5c71 (webtiles) character file.

Game seed: 832079472276777685

33045 fkdn the Imperceptible (level 13, -4/63 HPs)
             Began as a Spriggan Enchanter on Jan 1, 2022.
             Was an Elder of Dithmenos.
             Slain by a centaur warrior (7 damage)
             ... on level 14 of the Dungeon.
             The game lasted 00:35:54 (18616 turns).

fkdn the Imperceptible (Spriggan Enchanter)        Turns: 18616, Time: 00:35:55

Health: -4/63      AC: 10    Str: 14    XL:     13   Next: 34%
Magic:  30/30      EV: 22    Int: 24    God:    Dithmenos [****..]
Gold:   931        SH:  5    Dex: 15    Spells: 29/37 levels left

rFire   . . .      SeeInvis +   f - +5 dagger (venom)
rCold   . . .      Faith    .   (no shield)
rNeg    + . .      Spirit   .   C - +2 steam dragon scales
rPois   .          Reflect  +   (helmet restricted)
rElec   .          Harm     .   m - +2 cloak
rCorr   .          Rampage  .   (gloves unavailable)
Will    ++...                   (boots unavailable) Stlth **++++++++
                                q - amulet of reflection
HPRegen 0.20/turn               u - ring of Udait {rN+ Int+6 SInv}
MPRegen 0.22/turn               b - +6 ring of strength

@: wreathed by umbra, studying 2 skills, very quick
A: very small, no large weapons, unfitting armour, see invisible, speed 3
a: Renounce Religion, Shadow Step


You were on level 14 of the Dungeon.
You worshipped Dithmenos.
Dithmenos was greatly pleased with you.
You visited 2 branches of the dungeon, and saw 15 of its levels.
You also visited: Bailey and Ice Cave.

You collected 931 gold pieces.

Inventory:

Hand Weapons
 f - a +5 dagger of venom (weapon)
 k - a +2 dagger of venom
 z - a +0 rapier
Missiles
 l - a throwing net
 s - 8 atropa-tipped darts (quivered)
 A - 44 poisoned darts
 K - a curare-tipped dart
Armour
 m - a +2 cloak (worn)
 r - an orb of light
 C - +2 steam dragon scales (worn)
Jewellery
 b - a +6 ring of strength (right hand)
 d - a ring of poison resistance
 n - the necklace of Bloodlust {*Rage Will++ Int-3 Slay+6}
   (You found it on level 13 of the Dungeon)

   [amulet of nothing]

   It extends the wearer's berserk rage when killing foes.
   Int:       It affects your intelligence (-3).
   Slay:      It affects your accuracy & damage with ranged weapons and melee
   (+6).
   *Rage:     It berserks you when you make melee attacks (+50% chance).
   Will:      It greatly increases your willpower.
 q - an amulet of reflection (around neck)
 u - the ring of Udait (left hand) {rN+ Int+6 SInv}
   (You found it on level 8 of the Dungeon)

   [ring of intelligence]

   Int:       It affects your intelligence (+6).
   rN:        It protects you from negative energy.
   SInv:      It lets you see invisible.
 E - a ring of protection from fire
 F - a ring of magical power
 H - a ring of protection from fire
Wands
 h - a wand of paralysis (13)
 t - a wand of digging (5)
 J - a wand of flame (5)
 L - a wand of polymorph (7)
 P - a wand of acid (8)
Scrolls
 i - 2 scrolls of immolation
 o - 2 scrolls of fog
 p - 3 scrolls of teleportation
 w - a scroll of summoning
 y - 4 scrolls of amnesia
 I - 3 scrolls of identify
 M - a scroll of magic mapping
Potions
 a - a potion of haste
 c - a potion of invisibility
 e - a potion of berserk rage
 g - a potion of flight
 j - 4 potions of curing
 v - a potion of attraction
 B - 2 potions of ambrosia
 D - a potion of brilliance
 N - a potion of lignification {unknown}
Miscellaneous
 x - a tin of tremorstones (2/2)
 G - a lightning rod (4/4)


   Skills:
 + Level 5.3 Fighting
 + Level 7.2 Short Blades
 + Level 9.2 Dodging
 + Level 21.6 Stealth
 + Level 12.7 Spellcasting
 + Level 12.8 Hexes


You had 29 spell levels left.
You knew the following spells:

 Your Spells              Type           Power      Damage    Failure   Level
a - Ensorcelled Hibernat  Hex/Ice        92%        N/A       1%          2
b - Tukima's Dance        Hex            67%        N/A       1%          3
c - Dazzling Flash        Conj/Hex       92%        N/A       1%          3

Your spell library contained the following spells:

 Spells                   Type           Power      Damage    Failure   Level
 Confusing Touch          Hex            67%        N/A       1%          3
 Inner Flame              Hex/Fire       46%        N/A       1%          3
 Foxfire                  Conj/Fire      60%        2x1d7     4%          1
 Shock                    Conj/Air       60%        1d6       4%          1
 Corpse Rot               Necr/Air       30%        N/A       6%          2
 Poisonous Vapours        Pois/Air       30%        N/A       6%          2
 Scorch                   Fire           30%        2d6       6%          2
 Silence                  Hex/Air        23%        N/A       8%          5
 Conjure Flame            Conj/Fire      15%        6-21      12%         3
 Ozocubu's Armour         Ice            15%        N/A       12%         3
 Swiftness                Air            15%        N/A       12%         3
 Teleport Other           Tloc           15%        N/A       12%         3
 Enfeeble                 Hex            33%        N/A       17%         7
 Airstrike                Air            7%         N/A       36%         4
 Flame Wave               Conj/Fire      15%        2d5       36%         4
 Passage of Golubria      Tloc           15%        N/A       36%         4
 Summon Cactus Giant      Summ           7%         N/A       99%         6
 Ozocubu's Refrigeration  Ice            7%         4d6       100%        7
 Spellforged Servitor     Conj/Summ      7%         N/A       100%        7
 Lehudib's Crystal Spear  Conj/Erth      7%         10d3      100%        8


Dungeon Overview and Level Annotations

Branches:
Dungeon (14/15)            Temple (1/1) D:7            Lair (0/6) D:9
    Orc (0/2) D:9          Bailey (visited)           IceCv (visited)
 Vaults: D:13-14

Altars:
Ashenzari
Cheibriados
Dithmenos
Elyvilon
Fedhas
Gozag
Hepliaklqana
Kikubaaqudgha
Makhleb
Nemelex Xobeh
Okawaru
Qazlal
Ru
Sif Muna
Trog
Uskayaw
Vehumet
Wu Jian
Xom
Yredelemnul
Zin
The Shining One


Innate Abilities, Weirdness & Mutations

You are very small and have problems with some larger weapons.
You are too small for most types of armour.
You have supernaturally acute eyesight. (SInv)
You cover ground extremely quickly. (Speed+++)


Message History

You hit the bat zombie.
The bat zombie is severely damaged.
You block the bat zombie's attack.
You hit the bat zombie.
The bat zombie is almost destroyed.
Your shadow hits the bat zombie with a dagger.
You destroy the bat zombie!
Dithmenos accepts your kill.
The helpless bat zombie fails to defend itself.
You spit the bat zombie like a pig!!!!
You destroy the bat zombie!
Dithmenos accepts your kill.
The helpless bat zombie fails to defend itself.
You stick the bat zombie like a pincushion!!!!!
You destroy the bat zombie!
Dithmenos accepts your kill.
No target in view!
No target in view!
There is a stone staircase leading down here.
A centaur warrior comes into view.
Found 26 stones.
The centaur warrior shouts!
The centaur warrior wields a +0 longbow.
The centaur warrior shoots an arrow.
The arrow hits you!!
The centaur warrior shoots an arrow.
The arrow closely misses you.
The centaur warrior shoots an arrow.
The arrow hits you!!
* * * LOW HITPOINT WARNING * * *
You emit a cloud of dark smoke.
You are too injured to fight recklessly!
You are too injured to fight recklessly!
You are too injured to fight recklessly!
Unknown command.
The centaur warrior shoots an arrow.
The arrow hits you!
* * * LOW HITPOINT WARNING * * *
The centaur warrior unwields a +0 longbow.
The centaur warrior misses you. The centaur warrior barely misses you.
You feel better. The centaur warrior hits you!
* * * LOW HITPOINT WARNING * * *
You block the centaur warrior's attack. The centaur warrior hits you!
You die...

..# ..###### ........
........ .. †.......
... ##### ..######
#... ....# ..####
###...####....#
.....#
..........c..(#
.....##.#
#....§@§...#
#....#..#
#...§§§§§§§# ....##.#
#...§§§§§.#
.#'#...####...§§§§§.#
.#.#.#....#...§§§§§.#
.#.#.##.#.#.........#
##.#.##.#.#.........#
#+#....#...........#
.#########..######


You could see a centaur warrior.

Vanquished Creatures
  An ettin (D:13)
  2 hydras (D:11)
  2 centaur warriors (D:13)
  6 two-headed ogres
  2 tengu warriors (D:14)
  A deep troll (D:13)
  A deep elf pyromancer (D:13)
  A wizard (D:14)
  2 ugly things
  An orc knight (Bailey)
  5 manticores
  3 cyclopes
  An elephant (D:9)
  2 gargoyles
  Maurice (D:12)
  A torpor snail (shapeshifter) (D:13)
  Maggie (D:8)
  2 unseen horrors
  A kobold demonologist (D:12)
  2 komodo dragons
  4 tengu conjurers (D:14)
  A silent spectre (D:13)
  10 trolls
  A meliai (shapeshifter) (D:14)
  2 hornets
  Grinder (D:4)
  5 slime creatures (D:13)
  8 yaks
  A wyvern (D:9)
  2 vampires
  A basilisk (D:9)
  Grum (D:8)
  3 vampire mosquitoes
  An acid dragon (D:13)
  A water moccasin (D:8)
  2 black bears (shapeshifter)
  9 orc warriors
  4 sky beasts
  A black bear (D:9)
  4 ice beasts
  A necrophage (D:4)
  9 centaurs
  2 ogres
  2 wolves (D:8)
  3 kobold brigands
  A water moccasin skeleton (D:5)
  3 killer bees (D:9)
  An electric eel (D:10)
  3 wights (D:6)
  A howler monkey (D:11)
  4 centaur zombies
  A jelly (D:6)
  5 orc priests
  4 bullfrog skeletons (D:6)
  Natasha (thrice) (D:2)
  3 iguanas
  5 orc wizards
  A killer bee zombie (D:6)
  A hound skeleton (D:4)
  Robin (D:1)
  6 adders
  A shadow imp (D:6)
  3 white imps
  An ufetubus (D:6)
  3 worms
  A dart slug (D:12)
  29 orcs
  4 ball pythons
  3 bat zombies (D:14)
  7 endoplasms
  2 giant cockroaches (D:2)
  15 goblins
  9 hobgoblins
  9 jackals
  A quokka (D:2)
  7 bats
  11 kobolds
  2 rats
  2 rat zombies (D:14)
270 creatures vanquished.

Vanquished Creatures (collateral kills)
  A vampire mosquito (D:11)
  4 orc warriors
  2 ogres
  2 wights (D:6)
  2 howler monkeys (D:11)
  A centaur skeleton (D:5)
  3 orc wizards
  An adder (D:5)
  11 orcs
27 creatures vanquished.

Vanquished Creatures (others)
  11 dancing weapons
  An orc (Bailey)
  A goblin (D:2)
  8 fungi
21 creatures vanquished.

Grand Total: 318 creatures vanquished

Notes
Turn   | Place    | Note
-------+----------+-------------------------------------------
     0 | D:1      | fkdn the Spriggan Enchanter began the quest for the Orb.
     0 | D:1      | Reached XP level 1. HP: 9/9 MP: 5/5
   791 | D:2      | Reached XP level 2. HP: 13/13 MP: 7/7
   794 | D:2      | Learned a level 2 spell: Ensorcelled Hibernation
   802 | D:2      | Noticed Natasha
  1788 | D:2      | Killed Natasha
  1789 | D:2      | Reached XP level 3. HP: 16/16 MP: 3/9
  1810 | D:2      | Learned a level 3 spell: Tukima's Dance
  1822 | D:2      | Learned a level 3 spell: Dazzling Flash
  1877 | D:2      | Noticed Robin
  2032 | D:1      | Killed Robin
  2033 | D:1      | Reached XP level 4. HP: 7/21 MP: 3/11
  2470 | D:1      | Reached skill level 5 in Hexes
  2597 | D:2      | Noticed Natasha
  3009 | D:2      | Killed Natasha
  3189 | D:2      | Noticed Natasha
  3201 | D:2      | Killed Natasha
  3202 | D:2      | Reached skill level 5 in Spellcasting
  3202 | D:2      | Reached XP level 5. HP: 15/24 MP: 5/13
  3407 | D:2      | You fall into a shaft and drop 1 floor!
  3457 | D:3      | Noticed a sky beast
  3463 | D:3      | Killed a sky beast
  3464 | D:3      | Reached skill level 5 in Stealth
  3791 | D:3      | Found a faded altar of an unknown god.
  4119 | D:3      | Reached XP level 6. HP: 28/28 MP: 10/15
  4753 | D:4      | Noticed Grinder
  4768 | D:4      | Paralysed by Grinder for 3 turns
  4777 | D:4      | Killed Grinder
  4778 | D:4      | Reached skill level 6 in Stealth
  5238 | D:5      | Entered Level 5 of the Dungeon
  5277 | D:5      | Noticed a sky beast
  5293 | D:5      | Killed a sky beast
  5294 | D:5      | Reached XP level 7. HP: 26/32 MP: 17/17
  5375 | D:5      | Found a stormy altar of Qazlal.
  5405 | D:5      | Noticed a troll
  5479 | D:4      | Reached skill level 7 in Stealth
  5813 | D:5      | Found an ancient bone altar of Kikubaaqudgha.
  6635 | D:5      | Reached skill level 8 in Stealth
  6928 | D:5      | Reached XP level 8. HP: 31/36 MP: 16/20
  7555 | D:6      | Found a shadowy altar of Dithmenos.
  7568 | D:6      | Became a worshipper of Dithmenos the Shadowed
  7770 | D:6      | Reached skill level 9 in Stealth
  7851 | D:6      | Noticed a manticore
  7860 | D:6      | Killed a manticore
  7861 | D:6      | Reached skill level 10 in Stealth
  8234 | D:6      | Found a hide-covered altar of Uskayaw.
  8265 | D:6      | Reached XP level 9. HP: 28/38 MP: 6/22
  8781 | D:7      | Found a staircase to the Ecumenical Temple.
  8783 | D:7      | Reached skill level 11 in Stealth
  8868 | D:7      | Found a sacrificial altar of Ru.
  8927 | D:7      | Found a radiant altar of Vehumet.
  8934 | D:7      | Found a shimmering blue altar of Sif Muna.
  8956 | D:7      | Reached * piety under Dithmenos
  8973 | D:7      | Found an ornate altar of the Wu Jian Council.
  9082 | D:7      | Found a blossoming altar of Fedhas.
  9145 | D:7      | Found a flagged portal.
  9158 | Bailey   | Entered a bailey
  9755 | Bailey   | Reached skill level 10 in Hexes
 10108 | Bailey   | Reached skill level 19 in Stealth
 10108 | Bailey   | Reached XP level 10. HP: 44/44 MP: 24/24
 10109 | Bailey   | Noticed an orc knight
 10111 | Bailey   | Killed an orc knight
 10112 | Bailey   | Reached skill level 10 in Spellcasting
 10118 | Bailey   | Identified the +0 pair of boots "Kaiweh" {rElec}
 10589 | Temple   | Entered the Ecumenical Temple
 10849 | D:8      | Noticed Maggie
 10852 | D:8      | Killed Maggie
 10883 | D:7      | Noticed a rust devil
 10883 | D:7      | Noticed a rust devil
 11044 | D:8      | Noticed Grum
 11053 | D:8      | Killed Grum
 11324 | D:8      | Identified the ring of Udait {rN+ Int+6 SInv}
 11502 | D:8      | Reached skill level 1 in Fighting
 11623 | D:9      | Noticed a cyclops
 11628 | D:9      | Killed a cyclops
 11629 | D:9      | Reached XP level 11. HP: 49/49 MP: 26/26
 11646 | D:9      | Found a staircase to the Orcish Mines.
 11666 | D:9      | Found a staircase to the Lair.
 11668 | D:9      | Noticed a two-headed ogre
 11979 | D:9      | Killed a two-headed ogre
 11979 | D:9      | Reached ** piety under Dithmenos
 12176 | D:9      | Reached skill level 20 in Stealth
 12815 | D:10     | Entered Level 10 of the Dungeon
 12860 | D:10     | Reached skill level 5 in Dodging
 12945 | D:10     | Found a bloodstained altar of Trog.
 13215 | D:10     | Got the Reference Book on Warped Conjuration
 13745 | D:11     | Reached *** piety under Dithmenos
 13896 | D:11     | Noticed a seven-headed hydra
 14218 | D:11     | Noticed a seven-headed hydra
 14221 | D:11     | Killed a seven-headed hydra
 14226 | D:11     | Noticed a two-headed ogre
 14393 | D:11     | Killed a two-headed ogre
 14874 | D:11     | Killed a seven-headed hydra
 14875 | D:11     | Reached XP level 12. HP: 56/56 MP: 22/28
 15228 | D:12     | Found a snail-covered altar of Cheibriados.
 15553 | D:12     | Reached skill level 5 in Short Blades
 15686 | D:12     | Noticed a two-headed ogre
 15689 | D:12     | Killed a two-headed ogre
 15706 | D:12     | Noticed Maurice
 15715 | D:12     | Killed Maurice
 15824 | D:12     | Reached **** piety under Dithmenos
 16593 | D:13     | Reached skill level 21 in Stealth
 16608 | D:13     | Found a transporter.
 16657 | D:13     | Found a frozen archway.
 16668 | IceCv    | Entered an ice cave
 16727 | D:13     | Noticed a centaur warrior
 17008 | D:13     | Killed a centaur warrior
 17065 | D:13     | Noticed a centaur warrior
 17075 | D:13     | Killed a centaur warrior
 17078 | D:13     | Found an iron altar of Okawaru.
 17184 | D:13     | Noticed a two-headed ogre
 17190 | D:13     | Killed a two-headed ogre
 17639 | D:13     | Noticed an ettin
 17847 | D:13     | Found a transporter.
 17856 | D:13     | Found a runed translucent door.
 17856 | D:13     | Found a bloodstained altar of Trog.
 17856 | D:13     | Found the necklace of Bloodlust {*Rage Will++ Int-3 Slay+6}
 17859 | D:13     | Noticed an ogre mage
 17859 | D:13     | Noticed an ogre mage
 17860 | D:13     | Noticed a deep troll earth mage
 17861 | D:13     | Noticed a two-headed ogre
 17864 | D:13     | Killed a two-headed ogre
 17865 | D:13     | Reached XP level 13. HP: 63/63 MP: 30/30
 17877 | D:13     | Killed an ettin
 17884 | D:13     | Reached skill level 5 in Fighting
 17898 | D:13     | Identified the +8 plate armour of Lies {+Blink rElec}
 17919 | D:13     | Identified the +1 scale mail of a treasure trove {rC+
                  | Stlth+}
 18570 | D:14     | Found an ancient bone altar of Kikubaaqudgha.
 18613 | D:14     | HP: 1/63 [centaur warrior/arrow (15)]
 18616 | D:14     | Slain by a centaur warrior

Illustrated notes

Levels and vault maps discovered:
D:1:      onia_arrival_mini_maze, layout_loops_ring, hex_tiny
D:2:      layout_basic, uniq_natasha, uniq_robin
D:3:      layout_basic, hellmonk_ecumenical_altar_zigzags
D:4:      layout_cave_pools, uniq_grinder
D:5:      layout_layer_cave, kennysheep_mini_moat,
          mainiacjoe_overflow_concentric_impassable
D:6:      layout_loops_ring, nicolae_dithmenos_the_darkroom,
          mainiacjoe_overflow_boulevard, minmay_manual_mandibuliform
D:7:      cheibrodos_iron_armory, layout_basic,
          nicolae_wu_jian_immortal_techniques,
          mainiacjoe_overflow_catwalk_spiral, mainiacjoe_overflow_big_doors,
          minmay_temple_entry_glass, enter_bailey_2
D:8:      layout_loops_ring, uniq_maggie, uniq_grum
D:9:      layout_basic, david_lair_generic, orc_0_dummy
D:10:     layout_irregular_city, lemuel_round_altar, minivault_4,
          serial_park_tiny_1, grunt_tough_drop
D:11:     layout_cave_pools
D:12:     layout_gridville, minivault_23, kennysheep_slug_shrine, uniq_maurice
D:13:     emtedronai_trogs_sanctum, layout_cave_pools,
          portal_ice_cave_entry_pillars_2, st_stairs_13,
          okawaru_metal_pillars_1_2
D:14:     layout_basic, david_vaults_1, nicolae_figureground_pulse,
          lemuel_zombie_altar_kikubaaqudgha
Temple:   nicolae_temple_no_exploring_needed

Skill      XL: |  1  2  3  4  5  6  7  8  9 10 11 12 13 |
---------------+----------------------------------------+-----
Spellcasting   | 3 4 5 6 7 8 9 10 11 12 | 12.7
Hexes          | 4 5 6 7 9 10 11 12 | 12.8
Stealth        | 5 6 8 10 19 20 21 | 21.6
Dodging        | 3 6 8 9 |  9.2
Fighting       | 1 3 4 5 |  5.3
Short Blades   | 2 4 6 7 |  7.2

Action                   |  1- 3 |  4- 6 |  7- 9 | 10-12 | 13-15 || total
-------------------------+-------+-------+-------+-------+-------++-------
Melee: Dagger            |    69 |   176 |   193 |   383 |    55 ||   876
Throw: Dart              |       |       |       |     4 |       ||     4
       Throwing net      |       |       |       |     1 |       ||     1
 Cast: Ensorcelled Hiber |    11 |    10 |    25 |    83 |     8 ||   137
       Dazzling Flash    |       |     5 |     4 |     4 |       ||    13
       Tukima's Dance    |       |       |    31 |    14 |     2 ||    47
Evoke: Wand              |       |       |       |     4 |       ||     4
  Use: Potion            |     2 |     2 |     2 |     7 |     1 ||    14
       Scroll            |     4 |    11 |     4 |     7 |     1 ||    27
 Stab: Sleeping          |     9 |    14 |    21 |    84 |    20 ||   148
       Distracted        |       |       |     2 |     3 |     1 ||     6
       Invisible         |       |       |     1 |       |       ||     1
       Paralysed         |       |       |       |     2 |       ||     2
Armor: Robe              |    20 |    29 |    24 |     1 |       ||    74
       Steam dragon scal |       |       |       |    88 |    12 ||   100
Dodge: Dodged            |    75 |   157 |   139 |   314 |    41 ||   726
Block: Other             |       |    12 |    36 |    84 |    13 ||   145
       Reflection        |       |       |     1 |     6 |       ||     7

Table legend: (Time is in decaauts)
 A = Elapsed time spent in this place.
 B = Non-inter-level travel time spent in this place.
 C = Inter-level travel time spent in this place.
 D = Time resting spent in this place.
 E = Time spent auto-exploring this place.
 F = Levels seen in this place.
 G = Mean time per level.
                   A        B        C        D        E       F      G
               +--------+--------+--------+--------+--------+-----+--------+
         Total |  14594 |  14203 |    391 |   3621 |   7825 |  17 |  858.5 |
       Dungeon |  13652 |  13261 |    391 |   3161 |   7546 |  14 |  975.1 |
        Temple |      1 |      1 |      0 |      0 |      0 |   1 |    1.0 |
        Bailey |    927 |    927 |      0 |    460 |    278 |   1 |  927.0 |
      Ice Cave |     12 |     12 |      0 |      0 |      0 |   1 |   12.0 |
               +--------+--------+--------+--------+--------+-----+--------+

Top non-repeatable levels by time:
     D:1: 2254 daAuts
     D:5: 1401 daAuts
    D:12: 1137 daAuts
     D:6: 1080 daAuts
    D:13: 1068 daAuts
    D:10: 1004 daAuts
     D:9: 942 daAuts
  Bailey: 927 daAuts
    D:11: 815 daAuts
     D:2: 800 daAuts
     D:3: 766 daAuts
     D:4: 739 daAuts
     D:8: 635 daAuts
     D:7: 548 daAuts
    D:14: 456 daAuts
